 Dungeon Crawl Stone Soup version 0.20-a0-942-ga5226df (webtiles) character file.

23 M4edhros the Sneak (level 2, -1/18 HPs)
             Began as an Octopode Artificer on Mar 31, 2017.
             Slain by Terence
             ... wielding a +0 flail
              (7 damage)
             ... on level 2 of the Dungeon.
             The game lasted 00:00:24 (609 turns).

M4edhros the Sneak (Octopode Artificer)              Turns: 609, Time: 00:00:24

Health: -1/18      AC:  1    Str: 11    XL:     2   Next: 95%
Magic:  4/4        EV: 13    Int: 13    God:
Gold:   45         SH:  0    Dex: 12    Spells: 1/1 levels left

rFire    . . .     SeeInvis .   a - +0 short sword
rCold    . . .     Gourm    .   (no shield)
rNeg     . . .     Faith    .   (helmet restricted)
rPois    .         Spirit   .   k - amulet of harm
rElec    .         Reflect  .   (no ring)
rCorr    .         Harm     +   (no ring)
MR       .....                  (no ring)
Stlth    +++.......             (no ring)
Regen    0.1/turn               (no ring)
MPRegen  0.1/turn               (no ring)
                                (no ring)
                                (no ring)

@: no status effects
A: almost no armour, stealthy swim, amphibious, 8 rings, constrict 8, camouflage
1, gelatinous body 1
a: no special abilities


You were on level 2 of the Dungeon.
You were not hungry.

You visited 1 branch of the dungeon, and saw 2 of its levels.

You collected 45 gold pieces.

Inventory:

Hand Weapons
 a - a +0 short sword (weapon)
Jewellery
 k - an amulet of harm (around mantle)
Wands
 b - a wand of flame (15/48)
 c - a wand of enslavement (15/24)
 d - a wand of random effects (15/48)
Scrolls
 e - a scroll of teleportation {unknown}
 h - a scroll of enchant armour {unknown}
 i - a scroll of remove curse {unknown}
 l - a scroll of amnesia {unknown}
Potions
 m - 2 potions of brilliance {unknown}
Comestibles
 f - 2 bread rations
 g - a meat ration
 j - a royal jelly


   Skills:
 - Level 1.0 Fighting
 - Level 1.0 Short Blades
 - Level 2.0 Dodging
 + Level 4.1 Stealth
 - Level 3.2 Evocations


You had one spell level left.
You didn't know any spells.

Dungeon Overview and Level Annotations

Branches:
Dungeon (2/15)

Altars:

Annotations:
D:2 Terence


Innate Abilities, Weirdness & Mutations

You cannot wear most types of armour.
You are very stealthy in the water. (Stealth+)
You are amphibious.
You can wear up to eight rings at the same time.
You can use your tentacles to constrict eight enemies at once.
Your skin changes colour to match your surroundings (Stealth+).
Your rubbery body absorbs attacks. (AC +1, EV +1)


Message History

You closely miss the rat. You grab the rat. You squeeze the rat.
You kill the rat!
Terence hits you with a flail.
You are too injured to fight recklessly!
You are too injured to fight recklessly!
You are too injured to fight recklessly!
You hit Terence but do no damage. You grab Terence.
You constrict Terence, but do no damage.
Terence hits you with a flail.
* * * LOW HITPOINT WARNING * * *
You barely miss Terence.
You constrict Terence, but do no damage.
You hit Terence but do no damage.
You constrict Terence, but do no damage.
Terence hits you but does no damage.
You hit Terence. You squeeze Terence, but do no damage.
Terence is lightly wounded.
You constrict Terence, but do no damage.
Terence hits you with a flail.
You die...

# #. .# .# #.
#. .###.##
#.###.#.......
#............#
#...........#
#...........#
#....@......#
#....@......#
#...........#
#...........#
#...........#
#.......)...#
#...........#
###..########
#..# .....
#..#


You could see Terence.

Vanquished Creatures
  An adder (D:2)
  A leopard gecko (D:1)
  A ball python (D:1)
  2 goblins (D:1)
  A hobgoblin (D:1)
  3 kobolds
  A bat (D:1)
  3 rats
13 creatures vanquished.

Notes
Turn   | Place    | Note
-------+----------+-------------------------------------------
     0 | D:1      | M4edhros the Octopode Artificer began the quest for the Orb.
     0 | D:1      | Reached XP level 1. HP: 13/13 MP: 3/3
   130 | D:1      | Reached skill level 2 in Stealth
   281 | D:1      | Reached XP level 2. HP: 18/18 MP: 4/4
   284 | D:1      | Reached skill level 3 in Stealth
   540 | D:2      | Reached skill level 4 in Stealth
   600 | D:2      | Noticed Terence
   609 | D:2      | Slain by Terence

Vault maps used:
D:1:      mrwooster_arrival_statue, minmay_door_square, minmay_misc_feat_room,
          serial_bayou_pond_e
D:2:      uniq_jessica, uniq_terence

Skill      XL: |  1  2 |
---------------+-------+-----
Stealth        | 2 4 |  4.1
Fighting       | |  1.0
Short Blades   | |  1.0
Dodging        | |  2.0
Evocations     | |  3.2

Action                   || total
-------------------------++-------
Melee: Short sword       ||    24
       Constrict         ||     9
       Tentacles         ||     6
 Stab: Sleeping          ||     5
Armor: Skin              ||     1
Dodge: Dodged            ||     8
